Map: Beckett Industries LE

Players

Massa - Winner!

  • Race: Terran Terran
  • League: Platinum

Sinalat

  • Race: Zerg Zerg
  • League: Platinum

VOD

Have the link to the VOD?

Description

Time

  • Played on: April 14, 2021, 1:13 p.m.
  • Length: 22:38
Show
View Real Time Build Order
Export as new Build Order

Massa Terran - Winner!

Build Orders: Reaper Expand, Hellion Banshee 

Get SALT Encoding   

  12  0:00  SCV  
  13  0:12  SCV  
  14  0:17  Supply Depot  
  14  0:24  SCV  
  15  0:39  SCV  
  16  0:42  Barracks  
  16  0:51  SCV  
  16  0:54  Refinery  
  17  1:03  SCV  
  18  1:15  SCV  
  19  1:29  Orbital Command  
  19  1:40  Command Center  
  19  1:43  Reaper  
  20  1:51  Supply Depot  
  20  1:59  SCV  
  21  2:15  Factory, Marine  
  22  2:20  SCV  
  23  2:33  SCV  
  23  2:36  Refinery  
  24  2:42  Barracks Reactor  
  24  2:45  SCV  
  25  2:54  Orbital Command  
  25  2:57  SCV  
  26  3:02  Supply Depot  
  26  3:10  Starport  
  26  3:23  SCV x2  
  28  3:27  Barracks Tech Lab  
  28  3:29  Hellion  
  28  3:30  Hellion  
  32  3:35  SCV x2  
  34  3:51  Hellion x2  
  34  3:52  SCV x2  
  40  4:04  SCV, Banshee  
  40  4:05  SCV, Cloaking Field  
  40  4:07  Engineering Bay  
  45  4:12  Hellion x2  
  49  4:19  SCV x2  
  51  4:25  Supply Depot  
  51  4:28  Barracks  
  51  4:31  SCV x2, Barracks  
  53  4:43  SCV  
  54  4:50  Hellion x2  
  58  4:54  Banshee  
  58  4:55  Barracks Tech Lab  
  58  4:59  SCV  
  62  5:19  Supply Depot  
  62  5:20  Supply Depot  
  62  5:21  Supply Depot x2  
  62  5:22  Missile Turret  
  62  5:27  Barracks Reactor  
  62  5:40  SCV x2  
  62  5:41  Refinery, Barracks Reactor  
  62  5:42  Refinery, Supply Depot  
  64  5:47  Terran Infantry Weapons Level 1  
  64  5:52  SCV x2  
  64  5:53  Siege Tank  
  64  5:55  Command Center, Supply Depot  
  69  5:57  Missile Turret  
  69  6:05  SCV x2  
  71  6:17  SCV  
  70  6:19  Supply Depot  
  57  7:00  Marauder  
  57  7:01  Marine x4  
  55  7:17  Siege Tank  
  55  7:19  Marine x4, Medivac x2  
  55  7:20  SCV x2  
  55  7:22  Marauder  
  70  7:27  Stimpack  
  70  7:32  SCV x2  
  70  7:33  Barracks  
  70  7:35  Barracks, Armory  
  70  7:36  Marine  
  72  7:41  Terran Infantry Armor Level 1, Engineering Bay  
  72  7:43  Marauder  
  75  7:44  SCV  
  75  7:45  SCV  
  75  7:47  Supply Depot x2  
  75  7:49  Medivac x2  
  75  7:51  Marine x3  
  81  7:54  Marine  
  81  7:57  SCV, Planetary Fortress  
  85  8:04  Marauder  
  87  8:08  SCV  
  87  8:09  SCV, Marine x3, Missile Turret  
  87  8:10  Supply Depot  
  87  8:12  Marine  
  93  8:13  Supply Depot  
  93  8:19  Siege Tank  
  96  8:20  SCV  
  96  8:21  Barracks Tech Lab  
  96  8:24  Barracks Reactor  
  96  8:26  Marauder, Terran Infantry Weapons Level 2  
  96  8:27  Marine x2  
  99  8:33  Refinery, SCV x3  
  104  8:34  Refinery  
  104  8:45  SCV x3  
  104  8:46  Viking x2  
  104  8:47  Marauder  
  113  8:51  Marine  
  113  8:52  Marine x4  
  113  8:55  Combat Shield  
  118  8:57  SCV  
  119  9:08  Marine  
  119  9:09  Marine x2  
  121  9:10  Marauder  
  121  9:11  SCV x3  
  121  9:15  Command Center  
  127  9:22  Sensor Tower  
  127  9:23  SCV x2  
  129  9:26  Marauder  
  129  9:28  Supply Depot  
  129  9:30  Supply Depot  
  131  9:31  Siege Tank  
  134  10:12  Supply Depot  
  134  10:13  Supply Depot  
  103  10:57  Marauder  
  103  10:58  Marauder, Marine x4  
  97  11:18  Marine  
  97  11:19  Marauder x2, Marine x5  
  97  11:23  Siege Tank  
  110  11:28  Planetary Fortress  
  110  11:29  SCV  
  110  11:30  SCV x2  
  110  11:32  Medivac x2  
  115  11:36  Terran Infantry Armor Level 2, Terran Infantry Weapons Level 3, Marine  
  115  11:37  Terran Vehicle And Ship Armor Level 1, Marine x4  
  122  11:40  Marauder  
  122  11:41  Marauder  
  122  11:42  SCV x2  
  128  11:51  Sensor Tower  
  128  11:55  Siege Tank  
  130  12:02  Marauder x2, Medivac x2  
  130  12:07  Marine  
  130  12:08  Marine x5  
  139  12:11  SCV  
  139  12:12  SCV x3  
  148  12:16  Refinery  
  148  12:18  Refinery  
  148  12:23  SCV, Marauder x2  
  148  12:24  SCV x2  
  148  12:25  Marine  
  148  12:26  Marine x5  
  157  12:44  Marauder, Supply Depot  
  157  12:45  Marauder  
  157  12:47  Marine x6  
  167  12:51  Concussive Shells  
  167  12:53  Siege Tank  
  167  12:54  Medivac x2  
  172  13:04  Marine  
  172  13:05  Marine  
  174  13:06  Marauder x2  
  173  13:25  Siege Tank  
  136  13:27  Marauder  
  136  13:33  Marauder, Marine x4  
  139  13:57  Siege Tank  
  133  14:09  Marauder x2, Marine  
  138  14:10  Marine x5  
  138  14:11  SCV x3  
  138  14:12  SCV  
  147  14:23  SCV x2  
  149  14:25  Sensor Tower  
  149  14:27  Marine x5  
  149  14:28  Marine  
  149  14:30  Marauder, Siege Tank  
  149  14:31  Marauder  
  162  14:45  Marine  
  163  14:47  Terran Infantry Armor Level 3  
  163  14:49  Hi-Sec Auto Tracking  
  163  14:51  Terran Vehicle And Ship Armor Level 2  
  163  14:52  Marauder x2  
  167  14:53  Smart Servos  
  167  14:55  Medivac x2  
  171  15:02  Siege Tank  
  174  15:12  Supply Depot  
  174  15:13  Marauder x2  
  174  15:14  Supply Depot x2  
  178  15:25  Medivac x2  
  182  15:35  Supply Depot  
  182  15:38  Supply Depot  
  182  15:39  Supply Depot  
  182  15:46  Neosteel Armor  
  182  15:55  Viking x2  
  186  16:11  Drilling Claws  
  121  17:39  Marauder x2, Marine  
  122  18:00  Marauder  
  122  18:01  Marauder  
  122  18:03  Medivac x2  
  115  18:06  Marine  
  115  18:07  Marine x5  
  115  18:08  Siege Tank  
  124  18:12  Factory  
  124  18:17  Orbital Command  
  124  18:22  Marauder x2  
  124  18:24  Marine  
  124  18:25  Marine x5  
  134  18:29  Terran Vehicle And Ship Armor Level 3, Command Center  
  134  18:33  Medivac x2  
  138  18:40  Siege Tank  
  141  18:42  Marine  
  141  18:43  Marauder x2  
  146  18:57  Command Center  
  146  19:04  Marauder  
  146  19:05  Marauder  
  150  19:12  Siege Tank  
  142  19:25  Marine x4  
  142  19:26  Marauder x2, Marine x2  
  152  19:43  Marine x6  
  158  19:47  Marauder  
  158  19:48  Marauder  
  160  19:53  Siege Tank  
  160  19:54  Factory Tech Lab  
  160  19:55  Medivac x2  
  167  20:01  Marine  
  168  20:08  Marauder  
  155  20:25  Siege Tank  
  158  20:34  Siege Tank  
  161  20:36  Marauder x2, Marine x4  
  161  20:37  Planetary Fortress  
  161  20:41  Refinery  
  161  20:42  Refinery  
  169  20:57  Command Center, Siege Tank  
  172  21:06  Medivac x2  
  172  21:07  Siege Tank  
  172  21:10  Marauder x2, Marine x6  
  189  21:28  Marine x3  
  189  21:29  Siege Tank  
  189  21:31  Marauder x2  
  193  21:39  Siege Tank  
  191  21:45  Marine  
  186  21:53  Marauder  
  187  22:01  Siege Tank  
  190  22:10  Marauder, Marine x2  
Show
View Real Time Build Order
Export as new Build Order

Sinalat Zerg 

Build Orders: Hatch First 

Get SALT Encoding   

  12  0:00  Drone  
  13  0:14  Overlord  
  13  0:18  Drone  
  14  0:32  Drone x2  
  16  0:51  Hatchery  
  16  0:53  Drone  
  16  0:57  Drone  
  16  1:01  Drone  
  18  1:08  Extractor  
  17  1:22  Spawning Pool  
  17  1:23  Drone  
  17  1:24  Drone  
  18  1:29  Drone  
  19  1:40  Drone  
  20  1:51  Drone  
  21  2:01  Drone  
  22  2:09  Queen x2  
  22  2:15  Zergling x4  
  28  2:17  Overlord  
  28  2:25  Metabolic Boost  
  28  2:42  Drone x3, Overlord  
  31  2:53  Drone x2  
  33  3:05  Hatchery  
  32  3:08  Drone x4  
  32  3:11  Queen  
  38  3:19  Drone  
  39  3:20  Baneling Nest  
  38  3:57  Drone x3  
  38  3:58  Drone x2, Overlord  
  38  3:59  Overlord  
  43  4:06  Overlord x2  
  43  4:18  Drone x5  
  47  4:39  Queen  
  47  4:49  Drone x3  
  47  4:50  Drone x7  
  47  4:51  Drone x2, Queen  
  59  5:00  Lair  
  59  5:03  Drone x2  
  59  5:04  Evolution Chamber  
  59  5:05  Zergling x4, Evolution Chamber  
  59  5:06  Zergling x2  
  58  5:15  Queen  
  60  5:27  Queen  
  62  5:34  Drone x3  
  62  5:35  Drone x6  
  71  5:36  Overlord x2  
  71  5:38  Baneling  
  71  5:39  Baneling  
  71  5:41  Zerg Ground Armor Level 1  
  71  5:42  Zerg Melee Weapons Level 1  
  71  5:46  Drone, Extractor  
  71  5:47  Drone x2  
  73  5:53  Drone, Extractor  
  73  5:56  Zergling x6  
  77  5:57  Zergling x4  
  78  6:05  Overseer  
  78  6:06  Spore Crawler  
  78  6:11  Spore Crawler  
  71  6:33  Drone x3  
  71  6:34  Drone  
  71  6:39  Drone x2  
  75  6:40  Drone  
  75  6:42  Zergling x2  
  75  6:43  Zergling x22  
  75  6:58  Drone x4  
  77  7:01  Queen x3  
  77  7:04  Drone x3  
  77  7:07  Extractor  
  77  7:08  Drone x2  
  87  7:22  Drone  
  88  7:26  Centrifical Hooks, Hydralisk Den  
  87  7:32  Infestation Pit  
  86  7:37  Queen  
  88  7:47  Hatchery  
  87  8:01  Grooved Spines  
  87  8:03  Zerg Missile Weapons Level 1  
  86  8:06  Zergling x2  
  86  8:07  Zergling x20  
  86  8:10  Overlord x4  
  86  8:11  Overlord x4  
  97  8:17  Extractor x2, Drone  
  97  8:20  Drone  
  97  8:27  Baneling  
  97  8:28  Baneling x6  
  97  8:32  Hive  
  97  8:35  Drone  
  97  8:36  Drone x2  
  97  8:37  Drone x2  
  97  8:38  Drone  
  97  8:39  Drone x4  
  107  8:46  Drone x4  
  111  8:56  Hydralisk  
  111  8:57  Zergling x4  
  115  9:13  Muscular Augments  
  115  9:24  Drone x6  
  118  9:25  Drone x5  
  126  9:32  Hydralisk  
  126  9:33  Hydralisk, Zergling x4  
  132  9:51  Pneumatized Carapace  
  132  9:54  Adrenal Glands  
  132  9:56  Zerg Ground Armor Level 2  
  132  10:05  Overlord x7  
  132  10:06  Overlord  
  132  10:09  Extractor, Spore Crawler  
  132  10:10  Extractor  
  132  10:12  Spore Crawler  
  132  10:14  Spore Crawler  
  127  10:15  Spore Crawler  
  127  10:17  Zerg Missile Weapons Level 2  
  127  10:18  Spore Crawler  
  127  10:19  Drone x2  
  127  10:20  Drone x4  
  131  10:24  Zergling x2  
  131  10:25  Zergling x14  
  139  10:30  Queen  
  141  10:35  Drone  
  141  10:36  Drone x2  
  141  10:37  Drone x2  
  127  10:57  Zergling x2  
  127  10:58  Zergling x14  
  133  11:08  Zergling x8  
  133  11:09  Zergling x6  
  138  11:21  Baneling  
  138  11:22  Baneling x17  
  136  12:01  Hatchery  
  127  12:07  Zergling x2  
  127  12:08  Hydralisk x5, Zergling x24  
  141  12:09  Hydralisk x3, Zergling x12  
  141  12:14  Baneling  
  141  12:15  Baneling x16  
  158  12:32  Zerg Melee Weapons Level 2  
  153  12:38  Zergling x2  
  153  12:39  Zergling x24  
  166  12:46  Baneling  
  166  12:47  Baneling x13  
  133  13:47  Hydralisk x3, Zergling x20  
  133  13:48  Hydralisk x2, Zergling x16  
  152  14:07  Zergling x2  
  152  14:08  Zergling x8  
  157  14:14  Drone x2  
  157  14:15  Drone x9  
  168  14:33  Zergling x16  
  168  14:37  Queen  
  178  14:39  Queen  
  178  14:41  Queen  
  178  14:45  Zerg Ground Armor Level 3  
  182  14:48  Zerg Missile Weapons Level 3  
  182  14:51  Baneling  
  182  14:52  Baneling x23  
  182  14:53  Baneling x7  
  182  14:59  Extractor  
  181  15:00  Drone x3  
  181  15:01  Extractor, Drone x3  
  186  15:13  Baneling  
  186  15:14  Baneling x15  
  186  15:23  Spine Crawler x2  
  186  15:24  Spine Crawler  
  183  15:33  Spore Crawler  
  182  15:39  Spore Crawler  
  117  16:36  Zergling x2  
  117  16:37  Hydralisk x2, Zergling x28  
  117  16:38  Hydralisk, Zergling x20  
  117  16:39  Zergling x4  
  132  16:55  Zergling x2  
  132  16:56  Zergling x6  
  98  17:37  Hatchery  
  95  17:47  Queen  
  97  18:04  Zergling x2  
  97  18:05  Zergling x18  
  103  18:06  Zergling x4  
  103  18:12  Hatchery  
  108  18:17  Spore Crawler  
  108  18:18  Spore Crawler  
  108  18:19  Spine Crawler  
  105  18:20  Spine Crawler  
  105  18:21  Spine Crawler  
  105  18:23  Hatchery  
  102  18:34  Spine Crawler x2  
  101  18:35  Spine Crawler x2  
  101  18:37  Spine Crawler  
  97  18:41  Drone x2  
  97  18:42  Drone x2  
  101  18:50  Spine Crawler x2  
  101  18:51  Spine Crawler x2  
  101  18:52  Baneling Nest  
  101  18:53  Zerg Melee Weapons Level 3  
  96  19:02  Ultralisk Cavern  
  82  19:23  Zergling x8  
  82  19:24  Zergling x28  
  81  19:48  Baneling x7  
  81  19:49  Baneling x24  
  81  19:55  Hatchery  
  71  20:17  Zergling x2  
  71  20:18  Zergling x16  
  70  20:35  Drone x4  
  73  20:41  Spine Crawler  
  73  20:42  Spine Crawler  
  73  20:46  Baneling  
  73  20:47  Baneling x8  
  73  20:48  Zergling x6  
  73  21:05  Zergling x2  
  73  21:06  Zergling x16  
  82  21:13  Drone x2  
  74  21:22  Ultralisk x3  
  74  21:23  Ultralisk  
  69  21:46  Hatchery  
  64  21:47  Zergling x2  
  64  21:48  Zergling x16  
  73  22:02  Zergling x2  
  73  22:03  Zergling x10  
Tags
 
Add a new tag
Caveats
  • Supply blocks, unpowered buildings, or Contaminate may cause inaccurate times.
  • Supply counts are checked every 10 seconds.